 Dungeon Crawl Stone Soup version 0.29-a0-613-gf2c431b9b9 (webtiles) character file.

Game seed: 17067646441449965108

1 zeratav the Digger (level 1, -2/11 HPs)
             Began as an Octopode Earth Elementalist on June 16, 2022.
             Slain by a hobgoblin (4 damage)
             ... on level 1 of the Dungeon.
             The game lasted 00:00:23 (168 turns).

zeratav the Digger (Octopode Earth Elementalist)     Turns: 168, Time: 00:00:24

Health: -2/11      AC:  1    Str:  7    XL:     1   Next: 20%
Magic:  0/3        EV: 13    Int: 17    God:
Gold:   11         SH:  0    Dex: 12    Spells: 3/4 levels left

rFire   . . .      SeeInvis .   (no weapon)
rCold   . . .      Faith    .   (no shield)
rNeg    . . .      Spirit   .   (helmet restricted)
rPois   .          Reflect  .   (no amulet)
rElec   .          Harm     .   (no ring)
rCorr   .          Rampage  .   (no ring)
Will    .....                   (no ring)
Stlth   +++.......              (no ring)
HPRegen 0.03/turn               (no ring)
MPRegen 0.08/turn               (no ring)
                                (no ring)
                                (no ring)

@: no status effects
A: almost no armour, amphibious, 8 rings, camouflage 1, gelatinous body 1,
(nimble swimmer 1), tentacles
a: no special abilities


You were on level 1 of the Dungeon.
You visited 1 branch of the dungeon, and saw 1 of its levels.

You collected 11 gold pieces.


Innate Abilities, Weirdness & Mutations

You cannot wear most types of armour.
You are amphibious.
You can wear up to eight rings at the same time.
Your skin changes colour to match your surroundings (Stealth+).
Your rubbery body absorbs attacks. (AC +1, EV +1)
((You are camouflaged when in or above water. (Stealth+)))
You have tentacles for arms and can constrict up to eight enemies at once.


   Skills:
 - Level 2.0 Dodging
 + Level 2.7 Stealth
 + Level 2.0 Spellcasting
 + Level 1.0 Transmutations
 * Level 3.0 Earth Magic


You had 3 spell levels left.
You knew the following spells:

 Your Spells              Type           Power      Damage    Failure   Level
a - Sandblast             Erth           24%        2d8       5%          1

Your spell library contained the following spells:

 Spells                   Type           Power      Damage    Failure   Level
 Passwall                 Tmut/Erth      6%         N/A       13%         2
 Stone Arrow              Conj/Erth      12%        3d7       30%         3
 Petrify                  Tmut/Erth      8%         N/A       63%         4
 Cause Fear               Hex            0%         N/A       88%         4
 Dragon Form              Tmut           2%         N/A       100%        7
 Dragon's Call            Summ           0%         N/A       100%        9

Inventory:

Hand Weapons
 f - a +0 spear {polearm}
   (You found it on level 1 of the Dungeon)
Scrolls
 b - a scroll of identify {unknown}
 d - a scroll of acquirement {unknown}
 e - a scroll of silence {unknown}
Potions
 a - a potion of magic
 c - a potion of curing {unknown}
 g - a potion of berserk rage {unknown}

Dungeon Overview and Level Annotations

Branches:
Dungeon (1/15) Zot: 5825

Altars:

# #.#### .........# ##
##....##.........# .##
##.###.##..##.##..#
..####...##.##..##.#.†.####
..'.......................+
..####...##.##..###....####
.##.........##.........#
###.####.#..##..###.##.#
#.# ....##..@......# #.#
.#.####g###.#### #.# .#.#
#. #.# #.. .. . .. #.# ###
#### #.# ... #.. ..


You could see a hobgoblin.


Message History

🤖 Initializing magus.rc ...
Bad channel name for runrest: 'pray:' ✅ Successfully initialized magus.rc [v1.9.6] Welcome, zeratav the Octopode Earth Elementalist.
Everyone else who sought the Orb of Zot has failed.
Will you be different?
Press ? for a list of commands and other information.
Found twelve gnoll skeletons and six human skeletons.
Found a staircase leading out of the dungeon.
Found an escape hatch in the floor.
You see here a gnoll skeleton.
There is an escape hatch in the floor here.
You see here a human skeleton.
You see here a gnoll skeleton.
You open the door.
There is an open door here.
b - a scroll labelled NYKHUR ANEL You now have 11 gold pieces.
c - a brown potion You open the door.
There is an open door here.
A rat comes into view.
The blast of sand hits the rat!
You kill the rat!
MP[-1]
You lost 1 mp, and now have 2/3 mp.
You see here a rat corpse.
d - a scroll labelled OGURUA VISOUNA;
e - a scroll labelled TOKKICHETOGH MP[+1]
Your mp is fully restored (3).
You see here a +0 leather armour.
You pick up a book of the Dragon and begin reading...
You add the spells Cause Fear, Dragon Form and Dragon's Call to your library.
A ball python comes into view.
You see here a +0 spear {polearm}.
You miscast Sandblast.
You are very lightly contaminated with residual magic.
Nothing appears to happen.
MP[-1]
You lost 1 mp, and now have 2/3 mp.
The blast of sand hits the ball python!
You kill the ball python!
MP[-1]
You lost 1 mp, and now have 1/3 mp.
Your magical contamination has completely faded away.
f - a +0 spear {polearm} MP[+2]
Your mp is fully restored (3).
g - a viscous green potion A hobgoblin comes into view.
The blast of sand hits the hobgoblin.
The hobgoblin shouts!
The hobgoblin completely misses you.
MP[-1]
You lost 1 mp, and now have 2/3 mp.
A hobgoblin is nearby!
The blast of sand misses the hobgoblin.
The hobgoblin hits you. x2
* * * LOW HITPOINT WARNING * * *
HP[-7] MP[-1]
You take 7 damage, and now have 4/11 hp.
MASSIVE DAMAGE!! (PAUSE)
You lost 1 mp, and now have 1/3 mp.
You are too injured to fight recklessly!
You are too injured to fight recklessly!
Casting: Sandblast (safe; 5% risk of failure)
Confirm with . or Enter, or press ? or * to list all spells.
Aiming: Sandblast (safe; 5% risk of failure)
Press: ? - help, Shift-Dir - straight line, f/p - hobgoblin
Aim: a hobgoblin (severely wounded, 79% to hit)
The blast of sand misses the hobgoblin.
The hobgoblin hits you.
* * * LOW HITPOINT WARNING * * *
The hobgoblin hits you.
You die...

Action                   || total
-------------------------++-------
 Cast: Sandblast         ||     5
Dodge: Dodged            ||     1

Levels and vault maps discovered:
D:1:      heliophobic_arrival_battle_scene, layout_loops_corners,
          shapermc_ecumenical_altar_rom_forum, chequers_jeans,
          grunt_decor_clamped

Notes
Turn   | Place    | Note
-------+----------+-------------------------------------------
     0 | D:1      | zeratav the Octopode Earth Elementalist began the quest for
                  | the Orb.
     0 | D:1      | Reached XP level 1. HP: 11/11 MP: 3/3
     0 | D:1      | magus.rc [v1.9.6]
   124 | D:1      | You pick up a book of the Dragon and begin reading...
   124 | D:1      | You add the spells Cause Fear, Dragon Form and Dragon's
                  | Call to your library.
   168 | D:1      | HP: 2/11 [hobgoblin (2)]
   168 | D:1      | Slain by a hobgoblin

Vanquished Creatures
  A ball python (D:1)
  A rat (D:1)
2 creatures vanquished.

Table legend:
 A = Non-vault XP
 B = Vault XP
 C = Vault XP percentage of total XP
 D = Non-vault monster count
 E = Vault monster count
 F = Vault count percentage of total count
                 A         B        C        D         E       F
            +---------+---------+-------+---------+---------+-------
      Total |       2 |       0 |   0.0 |       2 |       0 |   0.0
            +---------+---------+-------+---------+---------+-------
        D:1 |       2 |       0 |   0.0 |       2 |       0 |   0.0
            +---------+---------+-------+---------+---------+-------

Illustrated notes

Table legend:
 A = Kills in this place as a percentage of kills in entire the game.
 B = Kills by you in this place as a percentage of kills by you in the entire game.
 C = Kills by friends in this place as a percentage of kills by friends in the entire game.
 D = Other kills in this place as a percentage of other kills in the entire game.
 E = Experience gained in this place as a percentage of experience gained in the entire game.
 F = Experience gained in this place divided by the number of levels of this place that you have seen.
                   A       B       C       D       E      F
               +-------+-------+-------+-------+-------+----------------------
         Total | 100.0 | 100.0 |   N/A |   N/A | 100.0 |   2.0
       Dungeon | 100.0 | 100.0 |   N/A |   N/A | 100.0 |   2.0
               +-------+-------+-------+-------+-------+----------------------

Table legend: (Time is in decaauts)
 A = Elapsed time spent in this place.
 B = Non-inter-level travel time spent in this place.
 C = Inter-level travel time spent in this place.
 D = Time resting spent in this place.
 E = Time spent auto-exploring this place.
 F = Levels seen in this place.
 G = Mean time per level.
                   A        B        C        D        E       F      G
               +--------+--------+--------+--------+--------+-----+--------+
         Total |    173 |    173 |      0 |      0 |    147 |   1 |  173.0 |
       Dungeon |    173 |    173 |      0 |      0 |    147 |   1 |  173.0 |
               +--------+--------+--------+--------+--------+-----+--------+

Top non-repeatable levels by time:
     D:1: 173 daAuts
